 Dungeon Crawl Stone Soup version 0.22-a0-580-gd5db89c (webtiles) character file.

1805 iamserjio the Covert (level 9, -7/62 HPs)
             Began as an Octopode Wanderer on July 3, 2018.
             Was an Initiate of Gozag.
             Mangled by an ice beast (11 damage)
             ... on level 6 of the Dungeon.
             The game lasted 00:19:07 (8875 turns).

iamserjio the Covert (Octopode Wanderer)            Turns: 8875, Time: 00:19:08

Health: -7/62      AC:  1    Str: 12    XL:     9   Next: 9%
Magic:  9/9        EV: 17    Int: 16    God:    Gozag
Gold:   63         SH:  0    Dex: 12    Spells: 8/8 levels left

rFire    . . .     SeeInvis .   s - +5 whip
rCold    . . .     Gourm    .   (no shield)
rNeg     . . .     Faith    .   (helmet restricted)
rPois    .         Spirit   .   (no amulet)
rElec    .         Reflect  .   (no ring)
rCorr    .         Harm     .   (no ring)
MR       .....                  (no ring)
Stlth    +++++.....             (no ring)
HPRegen  0.20/turn              (no ring)
MPRegen  0.11/turn              (no ring)
                                (no ring)
                                (no ring)

@: no status effects
A: almost no armour, stealthy swim, amphibious, 8 rings, constrict 8, camouflage
1, gelatinous body 1
a: Potion Petition, Call Merchant, Bribe Branch, Renounce Religion


You were on level 6 of the Dungeon.
You worshipped Gozag.
Gozag was noncommittal.
You were not hungry.

You visited 1 branch of the dungeon, and saw 6 of its levels.

You collected 324 gold pieces.
You spent 169 gold pieces at shops.
You paid 92 gold pieces to Gozag.

Inventory:

Hand Weapons
 a - a +2 hand axe
 c - a +2 quarterstaff of chaos
 k - a +0 falchion
 m - a +0 long sword
 r - a +2 whip of holy wrath
 s - a +5 whip (weapon)
 v - a +0 rapier
 B - a +1 battleaxe of flaming
Missiles
 l - 225 stones
 n - 38 poisoned needles
 o - 9 tomahawks
 p - 7 javelins (quivered)
 u - 57 arrows
Armour
 x - a +0 buckler
Jewellery
 A - a +2 ring of strength {unknown}
Scrolls
 b - a scroll of random uselessness {unknown}
 e - a scroll of enchant armour {unknown}
 f - a scroll of remove curse {@r2}
 g - a scroll of fear {unknown}
 j - a scroll of noise {unknown}
 q - a scroll of teleportation
 y - a scroll of magic mapping {unknown}
 z - a scroll of enchant weapon {unknown}
Potions
 h - 2 potions of magic
 i - 3 potions of curing {@q1}
 t - a potion of might
 w - a potion of mutation {unknown}
 C - a potion of heal wounds
 D - a potion of lignification
Comestibles
 d - 12 rations


   Skills:
 + Level 6.0 Fighting
 - Level 3.0 Axes
 * Level 0.8(2.0) Maces & Flails
 * Level 7.8 Dodging
 + Level 8.2 Stealth
 + Level 1.3 Shields
   Level 1.0 Translocations
   Level 2.0 Air Magic


You had 8 spell levels left.
You didn't know any spells.
Your spell library contained the following spells:

 Spells                   Type           Power        Failure   Level  Hunger
 Shock                    Conj/Air       #...         17%         1    ##.....
 Static Discharge         Conj/Air       #.......     45%         3    ####...


Dungeon Overview and Level Annotations

Branches:
Dungeon (6/15)
 Temple: D:4-7

Altars:
Dithmenos
Gozag
Hepliaklqana
Nemelex Xobeh
Ru
Sif Muna
Xom

Shops:
D:4 =   D:6 !:=*


Innate Abilities, Weirdness & Mutations

You cannot wear most types of armour.
You are very stealthy in the water. (Stealth+)
You are amphibious.
You can wear up to eight rings at the same time.
You can use your tentacles to constrict eight enemies at once.
Your skin changes colour to match your surroundings (Stealth+).
Your rubbery body absorbs attacks. (AC +1, EV +1)


Message History

You hit the ice beast but do no damage.
The ice beast is severely wounded.
The ice beast completely misses you.
You barely miss the ice beast.
The ice beast is severely wounded.
The ice beast hits you. The ice beast freezes you!
* * * LOW HITPOINT WARNING * * *
You hit the ice beast. Your squeeze misses the ice beast.
The ice beast is almost dead.
The ice beast hits you.
* * * LOW HITPOINT WARNING * * *
The ice beast freezes you.
* * * LOW HITPOINT WARNING * * *
You barely miss the ice beast.
The ice beast is almost dead.
The ice beast hits you.
* * * LOW HITPOINT WARNING * * *
The ice beast freezes you!
You die...
Your body crumbles into a pile of gold.

#....# #....###.##..#.
#....#######.# #.##..#.
#............######∩##....
#.....#######.............
#.....## ##...####.##...#
#......####...## #8#.....
#..............####.......
###.............#.........
#......@................
##......Y.....#....##....
..................###...#
###.....(...............##
#.................##.##
...$............#...###
..................#...#
...............#..###.#
...............#.####.#


You could see an ice beast.

Vanquished Creatures
  Sigmund (D:2)
  Eustachio (D:4)
  An ice beast (D:5)
  An ogre (D:4)
  A centaur (D:4)
  3 phantoms
  A bullfrog (D:6)
  3 scorpions (D:4)
  A howler monkey (D:5)
  2 crimson imps
  3 hounds
  2 orc priests (D:5)
  Crazy Yiuf (D:4)
  A centaur skeleton (D:6)
  An orc wizard (D:4)
  An iguana (D:4)
  Natasha (thrice) (D:4)
  5 worker ants
  A hound skeleton (D:6)
  3 gnolls (D:3)
  4 adders
  2 shadow imps
  An ooze (D:2)
  2 adder skeletons
  A worm (D:5)
  2 dart slugs
  4 leopard geckos (D:5)
  20 orcs
  10 bats
  4 giant cockroaches
  7 goblins
  9 hobgoblins
  10 jackals
  3 ball pythons
  7 frilled lizards
  A jackal skeleton (D:4)
  5 kobolds
  2 leopard gecko skeletons (D:4)
  A leopard gecko zombie (D:5)
  A quokka skeleton (D:5)
  8 rats
140 creatures vanquished.

Notes
Turn   | Place    | Note
-------+----------+-------------------------------------------
     0 | D:1      | iamserjio the Octopode Wanderer began the quest for the Orb.
     0 | D:1      | iamserjio set off with: a +2 hand axe, a potion of lignification, a ration
     0 | D:1      | Reached XP level 1. HP: 14/14 MP: 1/1
    79 | D:1      | Reached skill level 2 in Stealth
    79 | D:1      | Reached XP level 2. HP: 11/19 MP: 2/2
   504 | D:1      | Reached skill level 1 in Dodging
   873 | D:2      | Reached XP level 3. HP: 25/25 MP: 3/3
   899 | D:2      | Found a sacrificial altar of Ru.
   900 | D:2      | Found an opulent altar of Gozag.
  1059 | D:2      | Noticed Sigmund
  1084 | D:2      | Killed Sigmund
  1084 | D:2      | Reached skill level 4 in Stealth
  1084 | D:2      | Reached XP level 4. HP: 9/31 MP: 4/4
  1084 | D:2      | Reached XP level 5. HP: 10/36 MP: 5/5
  1540 | D:2      | Found a deep blue altar of Sif Muna.
  1697 | D:2      | Reached XP level 6. HP: 42/42 MP: 6/6
  3289 | D:4      | Reached skill level 5 in Stealth
  3725 | D:4      | Noticed a phantom
  3771 | D:4      | Killed a phantom
  3771 | D:4      | Reached XP level 7. HP: 11/48 MP: 7/7
  4165 | D:4      | Noticed Natasha
  4173 | D:4      | Killed Natasha
  4507 | D:4      | Found a shimmering altar of Xom.
  4514 | D:4      | Reached skill level 5 in Dodging
  4522 | D:4      | Found a hazy altar of Hepliaklqana.
  4522 | D:4      | Noticed a tentacled monstrosity
  4526 | D:4      | Noticed a spectral ugly thing
  4526 | D:4      | Noticed a tentacled monstrosity
  4744 | D:4      | Reached skill level 6 in Stealth
  4994 | D:4      | Noticed Natasha
  5001 | D:4      | Killed Natasha
  5021 | D:4      | Reached XP level 8. HP: 53/54 MP: 8/8
  5031 | D:4      | Noticed Natasha
  5037 | D:4      | Killed Natasha
  5098 | D:4      | Found a runed door.
  5115 | D:4      | Noticed Eustachio
  5128 | D:4      | Killed Eustachio
  5128 | D:4      | Reached skill level 5 in Fighting
  5268 | D:4      | Found Fihotole's Jewellery Boutique.
  5456 | D:4      | Reached skill level 7 in Stealth
  5789 | D:4      | Noticed Crazy Yiuf
  5805 | D:4      | Killed Crazy Yiuf
  6052 | D:5      | Entered Level 5 of the Dungeon
  7950 | D:6      | Reached skill level 8 in Stealth
  7950 | D:6      | Reached XP level 9. HP: 62/62 MP: 9/9
  7956 | D:6      | Found Odoodum's Assorted Antiques.
  7975 | D:6      | Found Vufiyxt's Jewellery Boutique.
  8000 | D:6      | Found Deit's Book Shop.
  8144 | D:2      | Became a worshipper of Gozag Ym Sagoz the Greedy
  8275 | D:5      | Found a sparkling altar of Nemelex Xobeh.
  8448 | D:6      | Found a shadowy altar of Dithmenos.
  8656 | D:6      | Found a sparkling altar of Nemelex Xobeh.
  8658 | D:6      | Found Jopoin's Distillery.
  8738 | D:6      | Bought a potion of heal wounds for 65 gold pieces
  8738 | D:6      | Bought a potion of lignification for 39 gold pieces
  8738 | D:6      | Bought a potion of heal wounds for 65 gold pieces
  8875 | D:6      | Mangled by an ice beast

Vault maps used:
D:1:      denvon_arrival_waterhouse
D:2:      gammafunk_temple_overflow_statue, lemuel_crystal_altar, uniq_sigmund
D:3:      first_ration
D:4:      regret_index_temple_of_mockery, serial_shops, shop,
          uniq_crazy_yiuf_cottage, uniq_natasha, uniq_eustachio
D:5:      lemuel_upstairs_altar, minivault_11, st_stairs_10
D:6:      grunt_temple_overflow_open, serial_shops, shop_statue,
          kennysheep_little_box, kennysheep_mini, shop_statue,
          grunt_ministairs_6, nemelex_xobeh_ov_fountains_minmay

Skill      XL: |  1  2  3  4  5  6  7  8  9 |
---------------+----------------------------+-----
Stealth        | 2 4 5 6 8 |  8.2
Dodging        | 1 3 4 6 7 |  7.8
Fighting       | 3 4 5 6 |  6.0
Axes           | |  3.0
Maces & Flails | |  0.8
Shields        | |  1.3
Translocations | |  1.0
Air Magic      | |  2.0

Action                   |  1- 3 |  4- 6 |  7- 9 || total
-------------------------+-------+-------+-------++-------
Melee: Hand axe          |    58 |   140 |       ||   198
       Tentacles         |     5 |    17 |    38 ||    60
       Constrict         |    12 |    34 |    35 ||    81
       Whip              |       |       |   225 ||   225
Throw: Tomahawk          |       |     4 |       ||     4
       Javelin           |       |     2 |       ||     2
       Stone             |       |     1 |       ||     1
  Use: Potion            |     2 |     1 |     4 ||     7
       Scroll            |       |     4 |     3 ||     7
 Stab: Sleeping          |     5 |     9 |    12 ||    26
  Eat: Chunk             |       |     8 |     8 ||    16
       Ration            |       |       |     3 ||     3
Armor: Skin              |    12 |     9 |     7 ||    28
Dodge: Dodged            |    34 |   114 |   114 ||   262

Table legend:
 A = Spawn XP
 B = Non-spawn XP
 C = Spawn XP percentage of total XP
 D = Spawn monster count
 E = Non-spawn monster count
 F = Spawn count percentage of total count
 G = Total turns spent on level
                    A         B        C        D         E        F      G
               +---------+---------+-------+---------+---------+-------+---------
         Total |       0 |    2579 |   0.0 |       0 |     140 |   0.0 |  8875
               +---------+---------+-------+---------+---------+-------+---------
           D:1 |       0 |      28 |   0.0 |       0 |      17 |   0.0 |   828
           D:2 |       0 |     327 |   0.0 |       0 |      32 |   0.0 |  1654
           D:3 |       0 |     193 |   0.0 |       0 |      20 |   0.0 |   929
           D:4 |       0 |    1222 |   0.0 |       0 |      33 |   0.0 |  2836
           D:5 |       0 |     549 |   0.0 |       0 |      30 |   0.0 |  1925
           D:6 |       0 |     260 |   0.0 |       0 |       8 |   0.0 |   703
               +---------+---------+-------+---------+---------+-------+---------
